 Dungeon Crawl Stone Soup version 0.29.1-13-g9f3cf754e1 (webtiles) character file.

Game seed: 9414265239475622286

1241 cheesebisquit the Cleaver (level 8, 0/53 (66) HPs)
             Began as a Minotaur Berserker on Jan 22, 2023.
             Was a Believer of Trog.
             Slain by an iron imp (7 damage)
             ... summoned by Eustachio
             ... on level 6 of the Dungeon.
             The game lasted 00:15:51 (4901 turns).

cheesebisquit the Cleaver (Minotaur Berserker)      Turns: 4901, Time: 00:15:51

HP:   0/53 (66)     AC:  9    Str: 24    XL:     8   Next: 25%
MP:   7/7           EV: 10    Int:  4    God:    Trog [**....]
Gold: 123           SH:  3    Dex: 10    Spells: 7/7 levels left

rFire   . . .      SeeInvis .   A - +0 war axe
rCold   . . .      Faith    .   w - +0 buckler
rNeg    . . .      Spirit   .   k - +0 scale mail
rPois   .          Reflect  .   (helmet restricted)
rElec   .          Harm     .   E - +2 cloak {Stlth+}
rCorr   .          Rampage  .   (no gloves)
Will    .....                   (no boots)
Stlth   +.........              (no amulet)
HPRegen 0.17/turn               (no ring)
MPRegen 0.10/turn               (no ring)

@: on berserk cooldown, slowed, heavily drained, very slow
A: horns 2, retaliatory headbutt
a: Renounce Religion, Berserk, Trog's Hand


You were on level 6 of the Dungeon.
You worshipped Trog.
Trog was pleased with you.
You visited 1 branch of the dungeon, and saw 6 of its levels.
You also visited: Sewer.

You collected 333 gold pieces.
You spent 210 gold pieces at shops.

Inventory:

Hand Weapons
 A - a +0 war axe (weapon)
Missiles
 g - a throwing net
 j - 9 poisoned darts (quivered)
 G - 5 curare-tipped darts
Armour
 k - a +0 scale mail (worn)
 w - a +0 buckler (worn)
 E - a +2 cloak of stealth (worn)
Wands
 a - a wand of digging (2)
 m - a wand of quicksilver (2)
 p - a wand of charming (10)
 B - a wand of iceblast (4)
Scrolls
 i - a scroll of fear {unknown}
 l - 6 scrolls of teleportation
 q - a scroll of fog {unknown}
 s - a scroll of enchant armour
 t - a scroll of magic mapping
 v - a scroll of blinking
 x - a scroll of vulnerability
 y - a scroll of poison {unknown}
 z - a scroll of noise {unknown}
 C - a scroll of enchant weapon {unknown}
 D - a scroll of amnesia {unknown}
 F - a scroll of acquirement {unknown}
Potions
 b - 2 potions of attraction {unknown}
 c - 2 potions of berserk rage {unknown}
 d - 3 potions of curing {unknown}
 e - 2 potions of flight
 f - 2 potions of degeneration {unknown}
 h - 7 potions of heal wounds {unknown}
 n - 2 potions of lignification {unknown}
 o - 4 potions of invisibility {unknown}
 r - a potion of resistance {unknown}
 u - a potion of haste {unknown}


   Skills:
 - Level 4.0 Fighting
 + Level 11.9 Axes
 - Level 3.0 Armour
 - Level 2.7 Dodging


You had 7 spell levels left.
You didn't know any spells.
Your spell library was empty.

Dungeon Overview and Level Annotations

Branches:
Dungeon (6/15)             Temple (0/1) D:4           Sewer (visited)

Altars:
Qazlal
Trog

Shops:
D:5 *

Annotations:
D:6 Eustachio


Innate Abilities, Weirdness & Mutations

You have a pair of horns on your head.
You reflexively headbutt those who attack you in melee.


Message History

You closely miss the bat. You slash the river rat!
You kill the river rat!
The river rat's corpse disappears in a puff of smoke!
You slash the white imp!
You kill the white imp!
The white imp disappears in a puff of smoke!
You hit the iron imp but do no damage. The bat barely misses you.
You furiously retaliate!
You headbutt the bat!
You kill the bat!
The bat's corpse disappears in a puff of smoke!
The iron imp hits you but does no damage.
Eustachio hits you with a +3 rapier of draining.
You feel drained. The iron imp barely misses you.
Eustachio screams, "At last I'll have my revenge!"
Eustachio hits you with a +3 rapier of draining.
You feel drained.
You barely miss Eustachio.
Eustachio is heavily wounded.
You barely miss the iron imp.
Eustachio hits you with a +3 rapier of draining!
You feel drained. You block the iron imp's attack.
You barely miss Eustachio.
Eustachio is heavily wounded.
You hit the iron imp.
Your skin stops crawling.
You feel less strong-willed.
Eustachio gestures wildly while chanting.
The iron imp completely misses you.
You hit Eustachio.
Eustachio is heavily wounded.
You hit the ufetubus. You closely miss the iron imp.
You barely miss the iron imp.
Eustachio hits you with a +3 rapier of draining!
* * * LOW HITPOINT WARNING * * *
You feel drained.
* * * LOW HITPOINT WARNING * * *
The ufetubus misses you. You furiously retaliate!
You headbutt the ufetubus!
You kill the ufetubus!
The ufetubus disappears in a puff of smoke!
The iron imp hits you!
You die...

########
##.#....####
#......@.#.#
#......@ยง.##
#.....55...###
##....$......#
###.........###.
##.#..<..........
#.....?..........
#...........#..##
#.......#...#..
........###.#...#


You could see Eustachio and 2 iron imps.

Vanquished Creatures
  Menkaure (D:4)
  An ice beast (D:6)
  An ogre (D:5)
  A phantom (D:5)
  2 bullfrogs (Sewer)
  A necrophage (D:4)
  2 scorpions (D:5)
  2 hounds (D:5)
  A jelly (D:5)
  Crazy Yiuf (D:4)
  2 iguanas (D:5)
  Natasha (thrice) (D:2)
  3 orc wizards (D:4)
  12 adders
  4 river rats (Sewer)
  3 dart slugs
  6 orcs
  6 endoplasms
  2 giant cockroaches
  4 goblins
  5 hobgoblins
  3 jackals (D:3)
  8 kobolds
  8 quokkas
  13 ball pythons
  7 bats
  6 frilled lizards
  27 rats
135 creatures vanquished.

Notes
Turn   | Place    | Note
-------+----------+-------------------------------------------
     0 | D:1      | cheesebisquit the Minotaur Berserker began the quest for
                  | the Orb.
     0 | D:1      | Reached XP level 1. HP: 19/19 MP: 0/0
   278 | D:1      | Reached XP level 2. HP: 26/27 MP: 1/1
   619 | D:1      | Found a faded altar of an unknown god.
   953 | D:2      | Reached skill level 4 in Axes
  1019 | D:2      | Reached XP level 3. HP: 33/33 MP: 2/2
  1055 | D:2      | Reached ** piety under Trog
  1174 | D:2      | Noticed Natasha
  1181 | D:2      | Killed Natasha
  1182 | D:2      | Reached skill level 5 in Axes
  1182 | D:2      | Reached XP level 4. HP: 40/40 MP: 3/3
  1233 | D:2      | Noticed Natasha
  1246 | D:2      | Killed Natasha
  1481 | D:2      | Noticed Natasha
  1488 | D:2      | Killed Natasha
  1489 | D:2      | Reached skill level 6 in Axes
  1793 | D:2      | Reached XP level 5. HP: 46/46 MP: 4/4
  2111 | D:3      | Identified the +1 leather armour "Daumujud" {rPois Will+
                  | Str-2}
  2262 | D:3      | Found a stormy altar of Qazlal.
  2473 | D:3      | Found a bloodstained altar of Trog.
  2541 | D:3      | Found a glowing drain.
  2545 | Sewer    | Entered a sewer
  2777 | Sewer    | Reached skill level 7 in Axes
  2950 | Sewer    | Reached XP level 6. HP: 51/52 MP: 5/5
  2954 | Sewer    | Reached skill level 8 in Axes
  3205 | D:4      | Noticed Menkaure
  3212 | D:4      | Killed Menkaure
  3213 | D:4      | Reached skill level 9 in Axes
  3213 | D:4      | Reached XP level 7. HP: 59/59 MP: 6/6
  3360 | D:4      | Reached *** piety under Trog
  3549 | D:4      | Found a staircase to the Ecumenical Temple.
  3632 | D:4      | Found a runed translucent door.
  3633 | D:4      | Noticed Crazy Yiuf
  3887 | D:4      | Killed Crazy Yiuf
  3888 | D:4      | Reached skill level 10 in Axes
  3941 | D:5      | Entered Level 5 of the Dungeon
  3941 | D:5      | Found Oniuv's Assorted Antiques.
  4243 | D:5      | Bought a glowing cloak for 210 gold pieces
  4254 | D:5      | Reached skill level 11 in Axes
  4254 | D:5      | Reached XP level 8. HP: 59/66 MP: 7/7
  4873 | D:6      | Noticed Eustachio
  4901 | D:6      | Slain by an iron imp

Illustrated notes

Levels and vault maps discovered:
D:1:      dpeg_arrival_windows_large_door, layout_loops_cross,
          ebering_ecumenical_altar_ruins, nrook_mini_vaults
D:2:      layout_basic, minmay_fractal_squares_5, uniq_natasha
D:3:      layout_basic, lemuel_doored_altar, nicolae_overflow_crystal_walls,
          gup_sewer_entry_bowl
D:4:      layout_basic, minmay_temple_entry_poolview, uniq_menkaure,
          uniq_crazy_yiuf_cottage
D:5:      layout_loops_ring, serial_shops, nicolae_diamond_shop
D:6:      layout_cave_pools, amcnicky_altar_gilded, uniq_eustachio

Skill      XL: |  1  2  3  4  5  6  7 |
---------------+----------------------+-----
Fighting       | 4 |  4.0
Axes           | 4 5 6 7 9 11 | 11.9
Armour         | 3 |  3.0
Dodging        | |  2.7

Action                   |  1- 3 |  4- 6 |  7- 9 || total
-------------------------+-------+-------+-------++-------
Melee: Hand axe          |    58 |   112 |    22 ||   192
       Headbutt          |    14 |    19 |    15 ||    48
       Punch             |       |     1 |       ||     1
       War axe           |       |       |    76 ||    76
Invok: Berserk           |     1 |     6 |     3 ||    10
       Trog's Hand       |       |     6 |     4 ||    10
  Use: Scroll            |       |     2 |     4 ||     6
Armor: Animal skin       |     2 |       |       ||     2
       Ring mail         |    18 |       |       ||    18
       Scale mail        |     1 |    43 |    27 ||    71
Dodge: Dodged            |    31 |    73 |    55 ||   159
Block: Buckler           |       |     1 |    12 ||    13
